 Dungeon Crawl Stone Soup version 0.29.0-4-gdea44cf6ec (webtiles) character file.

Game seed: 5868542294577199531

109 qw the Chopper (level 4, -4/26 HPs)
             Began as a Tengu Warper on Aug 28, 2022.
             Slain by an orc
             ... wielding a +0 trident
              (6 damage)
             ... on level 3 of the Dungeon.
             The game lasted 00:00:15 (3159 turns).

qw the Chopper (Tengu Warper)                       Turns: 3159, Time: 00:00:16

Health: -4/26      AC: 10    Str: 13    XL:     4   Next: 90%
Magic:  8/8        EV:  3    Int: 13    God:
Gold:   58         SH:  0    Dex: 14    Spells: 7/7 levels left

rFire   . . .      SeeInvis .   Y - +1 hand axe
rCold   . . .      Faith    .   (no shield)
rNeg    . . .      Spirit   .   d - +0 plate armour
rPois   .          Reflect  .   (helmet restricted)
rElec   .          Harm     .   (no cloak)
rCorr   .          Rampage  .   (no gloves)
Will    .....                   (boots unavailable)
Stlth   ..........              (no amulet)
HPRegen 0.08/turn               (no ring)
MPRegen 0.11/turn               (no ring)

@: no status effects
A: beak, talons 3
a: no special abilities


You were on level 3 of the Dungeon.
You visited 1 branch of the dungeon, and saw 3 of its levels.

You collected 121 gold pieces.
You spent 63 gold pieces at shops.


Innate Abilities, Weirdness & Mutations

You have a beak for a mouth.
You have claws for feet.


   Skills:
 - Level 2.0 Fighting
 + Level 5.1 Axes
 - Level 1.0 Throwing
 - Level 2.0 Armour
 - Level 2.1 Dodging
 - Level 2.0 Spellcasting
 - Level 2.4 Translocations


You had 7 spell levels left.
You didn't know any spells.
Your spell library contained the following spells:

 Spells                   Type           Power      Damage    Failure   Level
 Blink                    Tloc           14%        N/A       100%        2
 Gell's Gravitas          Tloc           7%         N/A       100%        3
 Lesser Beckoning         Tloc           7%         N/A       100%        3
 Teleport Other           Tloc           7%         N/A       100%        3
 Manifold Assault         Tloc           7%         N/A       100%        5

Inventory:

Hand Weapons
 e - a +0 flail
 Y - a +1 hand axe (weapon)
Armour
 d - a +0 plate armour (worn)
 j - a +0 kite shield
Jewellery
 c - a +4 ring of slaying {mikee}
Scrolls
 a - a scroll of immolation {unknown}
 b - a scroll of poison {unknown}
 h - a scroll of identify
Potions
 f - a potion of lignification {unknown}
 g - a potion of flight {unknown}
 i - a potion of heal wounds {unknown}

Dungeon Overview and Level Annotations

Branches:
Dungeon (3/15)

Altars:

Shops:
D:3 (


Message History

Found a grey potion.
The hobgoblin shouts!
You hit the hobgoblin.
The hobgoblin is severely wounded.
The hobgoblin hits you but does no damage.
You hit the hobgoblin.
You kill the hobgoblin!
You now have 42 gold pieces (gained 14).
You now have 58 gold pieces (gained 16).
i - a grey potion
Found an escape hatch in the floor.
j - a +0 kite shield
Enter note:
There is an open door here.
You open the door. 2 orcs come into view.
The orc shouts!
An orc priest comes into view. It is wielding a +0 short sword.
An orc comes into view. It is wielding a +0 hand axe.
Enter note: The orc priest looks satisfied for a moment.
There is an open door here.
An orc comes into view. It is wielding a +0 club.
The orc shouts!
The orc hits you but does no damage.
The orc priest calls down the wrath of Beogh upon you.
Beogh smites you!
Ouch! That really hurt!
The orc hits you from afar with a +0 trident.
The orc moves out of view.
You hit the orc. Your kick misses the orc.
The orc is severely wounded.
The orc hits you with a +0 flail. The orc hits you but does no damage.
You closely miss the orc. You claw the orc.
You kill the orc!
The orc priest looks braver for a moment.
The orc hits you from afar with a +0 trident.
Found a stone staircase leading up.
The orc hits you with a +0 trident.
You die...

.. .# #. .# #. # ###.# #.# ..
#...#####.## ... #..........#
.... ####..........# ....< #####
..............####o..... ##...#
#####.....>...'.@ooo.... ..#<.7..
#..........######.### ..##...#
#..........##### ...#####
#..........#....# ........
####.#####'####....# ........
..##.......# #....# #.....%.
#.#####..######....# ####....
.........# #.......############..
.#######.###.....................


You could see an orc priest and 3 orcs.

Vanquished Creatures
  3 gnolls (D:3)
  2 adders (D:3)
  2 worms
  A dart slug (D:1)
  An orc (D:3)
  6 endoplasms
  2 giant cockroaches
  3 goblins
  4 hobgoblins
  5 kobolds
  4 quokkas
  3 ball pythons
  5 bats
  4 frilled lizards
  9 rats
54 creatures vanquished.

Notes
Turn   | Place    | Note
-------+----------+-------------------------------------------
     0 | D:1      | qw the Tengu Warper began the quest for the Orb.
     0 | D:1      | Reached XP level 1. HP: 12/12 MP: 4/4
     0 | D:1      | 0 ||| qw: Version: 0.1-a-89-g26bdef1
     0 | D:1      | 0 ||| qw: Game counter: 2109
     0 | D:1      | 0 ||| qw: Always use a shield: true
     0 | D:1      | 0 ||| qw: God list: Okawaru
     0 | D:1      | 0 ||| qw: Allow faded altars: false
     0 | D:1      | 0 ||| qw: Do Orc after D:15 true
     0 | D:1      | 0 ||| qw: Do second Lair branch before Depths: true
     0 | D:1      | 0 ||| qw: Lair rune preference: random
     0 | D:1      | 0 ||| qw: Plans: Normal
     0 | D:1      | 0 ||| PLANNING D:1-11
   235 | D:1      | Found a faded altar of an unknown god.
   338 | D:1      | 338 ||| Stepping ~*~*~tactically~*~*~ (hiding).
   440 | D:1      | 440 ||| Stepping ~*~*~tactically~*~*~ (hiding).
   542 | D:1      | 542 ||| Stepping ~*~*~tactically~*~*~ (hiding).
   644 | D:1      | 644 ||| Stepping ~*~*~tactically~*~*~ (hiding).
   655 | D:1      | Reached skill level 3 in Axes
   655 | D:1      | Reached XP level 2. HP: 17/17 MP: 6/6
   737 | D:1      | 737 ||| Stepping ~*~*~tactically~*~*~ (stealth).
   740 | D:1      | 740 ||| Stepping ~*~*~tactically~*~*~ (stealth).
  1186 | D:1      | 1186 ||| UPGRADING to +0 plate armour.
  1196 | D:1      | 1196 ||| DROPPING +0 leather armour.
  1197 | D:1      | 1197 ||| READING scroll labelled KOEHIY MIOSO.
  1198 | D:1      | 1198 ||| READING scroll labelled NEMUAL HIJOKE.
  1199 | D:1      | 1199 ||| DROPPING scroll of blinking.
  1254 | D:2      | 1254 ||| FLEEEEING.
  1255 | D:2      | 1255 ||| FLEEEEING.
  1256 | D:2      | 1256 ||| FLEEEEING.
  1257 | D:2      | 1257 ||| FLEEEEING.
  1258 | D:2      | 1258 ||| FLEEEEING.
  1259 | D:2      | 1259 ||| FLEEEEING.
  1260 | D:2      | 1260 ||| FLEEEEING.
  1261 | D:2      | 1261 ||| STAIRDANCE
  1281 | D:1      | 1281 ||| READING scroll labelled SUITOU TAIFOSS.
  1285 | D:2      | Reached XP level 3. HP: 21/21 MP: 7/7
  1341 | D:2      | 1341 ||| Stepping ~*~*~tactically~*~*~ (stealth).
  1348 | D:2      | 1348 ||| Stepping ~*~*~tactically~*~*~ (stealth).
  1351 | D:2      | Reached skill level 4 in Axes
  1372 | D:2      | 1372 ||| Stepping ~*~*~tactically~*~*~ (stealth).
  1378 | D:2      | 1378 ||| Stepping ~*~*~tactically~*~*~ (stealth).
  1851 | D:2      | 1851 ||| DROPPING scarf of shadows.
  1852 | D:2      | 1852 ||| READING scroll labelled JILIWA ZOSHRAVOE.
  1853 | D:2      | 1853 ||| READING scroll labelled UNLU TOLUBYCWAM.
  1854 | D:2      | 1854 ||| READING scroll labelled ENEKYP AWEU.
  2087 | D:3      | Reached XP level 4. HP: 24/26 MP: 8/8
  2401 | D:3      | Found Atejegiu's Antique Weapon Boutique.
  2411 | D:3      | 2411 ||| BUYING mace (63 gold).
  2411 | D:3      | Bought a mace for 63 gold pieces
  2411 | D:3      | 2411 ||| DROPPING +0 club.
  2437 | D:3      | 2437 ||| Stepping ~*~*~tactically~*~*~ (stealth).
  2438 | D:3      | 2438 ||| Stepping ~*~*~tactically~*~*~ (stealth).
  2442 | D:3      | 2442 ||| Stepping ~*~*~tactically~*~*~ (stealth).
  2445 | D:3      | HP: 6/26 [gnoll/+0 flail (3)]
  2581 | D:3      | 2581 ||| Stepping ~*~*~tactically~*~*~ (stealth).
  2590 | D:3      | 2590 ||| Stepping ~*~*~tactically~*~*~ (stealth).
  2617 | D:3      | 2617 ||| Stepping ~*~*~tactically~*~*~ (stealth).
  2621 | D:3      | 2621 ||| Stepping ~*~*~tactically~*~*~ (stealth).
  2860 | D:3      | Reached skill level 5 in Axes
  2860 | D:3      | 2860 ||| DROPPING +0 mace.
  2911 | D:3      | 2911 ||| Stepping ~*~*~tactically~*~*~ (hiding).
  3157 | D:3      | HP: 5/26 [orc/+0 flail (4)]
  3158 | D:3      | HP: 2/26 [orc/+0 trident (3)]
  3159 | D:3      | Slain by an orc

Levels and vault maps discovered:
D:1:      dpeg_arrival_pits, layout_basic, hellmonk_ecumenical_altar_crossroads
D:2:      layout_rooms
D:3:      layout_basic, serial_shops, nicolae_diamond_shop, grunt_ministairs_5,
          uniq_crazy_yiuf_cottage

Skill      XL: |  1  2  3  4 |
---------------+-------------+-----
Axes           | 3 4 5 |  5.1
Armour         | 2 |  2.0
Fighting       | |  2.0
Throwing       | |  1.0
Dodging        | |  2.1
Spellcasting   | |  2.0
Translocations | |  2.4

Action                   |  1- 3 |  4- 6 || total
-------------------------+-------+-------++-------
Melee: Hand axe          |    94 |    40 ||   134
       Kick              |    21 |    12 ||    33
       Peck              |     7 |     4 ||    11
Throw: Boomerang         |     7 |       ||     7
  Use: Scroll            |     6 |       ||     6
Armor: Leather armour    |    12 |       ||    12
       Plate armour      |    28 |    24 ||    52
Dodge: Dodged            |    29 |     6 ||    35

Table legend:
 A = Non-vault XP
 B = Vault XP
 C = Vault XP percentage of total XP
 D = Non-vault monster count
 E = Vault monster count
 F = Vault count percentage of total count
                 A         B        C        D         E       F
            +---------+---------+-------+---------+---------+-------
      Total |     155 |       2 |   1.3 |      52 |       2 |   3.7
            +---------+---------+-------+---------+---------+-------
        D:1 |      30 |       0 |   0.0 |      19 |       0 |   0.0
        D:2 |      33 |       0 |   0.0 |      19 |       0 |   0.0
        D:3 |      92 |       2 |   2.1 |      14 |       2 |  12.5
            +---------+---------+-------+---------+---------+-------
